 Dungeon Crawl Stone Soup version 0.30.1-11-g7821555f0a (webtiles) character file.

Game seed: 1674693024221509726

10 ChrisAssaf the Chiller (level 2, 3/20 HPs)
             Began as a Gnoll Ice Elementalist on Nov 12, 2023.
             Quit the game on level 2 of the Dungeon.
             The game lasted 00:01:20 (161 turns).

ChrisAssaf the Chiller (Gnoll Ice Elementalist)      Turns: 161, Time: 00:01:20

Health: 3/20       AC:  2    Str:  7    XL:     2   Next: 20%
Magic:  5/7        EV: 13    Int: 14    God:
Gold:   4          SH:  0    Dex: 12    Spells: 9/10 levels left

rFire   . . .        e - +0 hand axe
rCold   . . .        (no shield)
rNeg    . . .        a - +0 robe
rPois   .            (no helmet)
rElec   .            (no cloak)
rCorr   .            (no gloves)
SInv    .            (no boots)
Will    .....        (no amulet)
Stlth   ++           (no ring)
HPRegen 0.23/turn    (no ring)
MPRegen 0.10/turn

%: no passive effects
@: no status effects
A: fangs 1, strong nose, distributed training
a: no special abilities


You were on level 2 of the Dungeon.
You visited 1 branch of the dungeon, and saw 2 of its levels.

You collected 4 gold pieces.

Inventory:

Hand Weapons
 e - a +0 hand axe (weapon)
Armour
 a - a +0 robe (worn)
Potions
 b - a potion of magic


   Skills:
 + Level 0.3 Fighting
 + Level 0.3 Short Blades
 + Level 0.3 Long Blades
 + Level 0.3 Axes
 + Level 0.3 Maces & Flails
 + Level 0.3 Polearms
 + Level 0.3 Staves
 + Level 0.3 Ranged Weapons
 + Level 0.3 Throwing
 + Level 0.3 Armour
 + Level 4.4 Dodging
 + Level 4.0 Stealth
 + Level 0.3 Shields
 + Level 0.3 Unarmed Combat
 + Level 4.9 Spellcasting
 + Level 0.2 Conjurations
 + Level 0.2 Hexes
 + Level 0.2 Summonings
 + Level 0.2 Necromancy
 + Level 0.2 Translocations
 + Level 0.2 Transmutations
 + Level 0.2 Fire Magic
 + Level 7.0 Ice Magic
 + Level 0.2 Air Magic
 + Level 0.2 Earth Magic
 + Level 0.2 Poison Magic
 + Level 0.4 Invocations
 + Level 0.3 Evocations


You had 9 spell levels left.
You knew the following spells:

 Your Spells              Type           Power      Damage    Failure   Level
a - Freeze                Ice            92%        1d9       1%          1

Your spell library contained the following spells:

 Spells                   Type           Power      Damage    Failure   Level
 Frozen Ramparts          Ice            46%        1d7       3%          3
 Ozocubu's Armour         Ice            23%        N/A       3%          3
 Summon Ice Beast         Ice/Summ       13%        N/A       36%         4


Dungeon Overview and Level Annotations

Branches:
Dungeon (2/15)

Altars:

Annotations:
D:2 Robin


Innate Abilities, Weirdness & Mutations

You have very sharp teeth.
Your uncanny sense of smell can sniff out nearby items.
Your experience applies equally to all skills.


Message History

A goblin comes into view. It is wielding a +0 dagger.
Robin says, "My army is invincible!"
You closely miss the goblin. The goblin barely misses you.
Robin throws the goblin at you! The goblin hits you with a +0 dagger.
* * * LOW HITPOINT WARNING * * *
A ball python comes into view.
The ball python moves out of view.
Unknown command.
The goblin attacks as you move away! The goblin hits you with a +0 dagger.
* * * LOW HITPOINT WARNING * * *
Robin roars a battlecry!
Aiming: Freeze (safe; 1% risk of failure)
Press: ? - help, Q - select action Shift-Dir - straight line, f - goblin
Aim: a goblin, wielding a +0 dagger (strong)
You freeze the goblin!
You kill the goblin!
Robin throws the goblin at you! The goblin attacks as you move away!
The goblin hits you with a +0 dagger.
* * * LOW HITPOINT WARNING * * *
Found a scimitar.
It was a potion of cancellation.
You feel magically purged. The goblin misses you.
Unknown command.
As you read the scroll labelled BARUSS BONG, it crumbles to dust.
It is a scroll of amnesia.
Really abort (and waste the scroll)?
Okay, then.
The goblin hits you with a +0 dagger.
* * * LOW HITPOINT WARNING * * *
Unknown command.
As you read the scroll labelled SANGIU GOUXOIW, it crumbles to dust.
You feel aware of your surroundings.
You sensed 1 shop/portal.
It was a scroll of magic mapping.
The hobgoblin no longer looks unusually strong. x2
The hobgoblin attacks as you move away! The hobgoblin barely misses you.
A hobgoblin comes into view.
The goblin barely misses you.
You see here 7 gold pieces.
Are you sure you want to abandon this character and quit the game? (Confirm with "yes".)

*,***,,* ***..g****** **
******,***,,*#****.g,,,,,***
,,*,,,,,*#,∆,.,* *#.##**,,,**
,,,,,,,,,#.,*#.* #.g# ***,,* *
,,,,,,,,,...,#.* *#g# **,###*#
,,,,,>,,,.)#.#.#####g#####*,..##>
,,,,,,,,,..........#.....####.#..
,,,,,>,,,,**#...##gg####...#....#
,,,,,,,,,,* *,#.@g#)## ###....###
,,,,,,,,,,* *,###gg..#** ##.....#
,,,,,,,,,** *,* ###....# *#.#....
,,*,,,,,,,***,* ##.#.# #..##.#.
*********,,**,* ****.#.#*#.###.##
**,,*,* *,,...,.,..* #.##
**,*,***,*#.##,..####...
***********,*,*,,,*#.#*##.,..###.
,,,,,,,,,,,,,,,,***#..######.# #.


You could see Robin, 3 hobgoblins and a goblin (strong).

Vanquished Creatures
  A bat (D:1)
  4 goblins
  A hobgoblin (D:1)
  A quokka (D:1)
  A frilled lizard (D:1)
  A rat (D:1)
9 creatures vanquished.

Notes
Turn   | Place    | Note
-------+----------+-------------------------------------------
     0 | D:1      | ChrisAssaf the Gnoll Ice Elementalist began the quest for
                  | the Orb.
     0 | D:1      | Reached XP level 1. HP: 13/13 MP: 6/6
    65 | D:1      | Reached XP level 2. HP: 19/19 MP: 0/7
   143 | D:2      | Noticed Robin
   161 | D:2      | Quit the game

Illustrated notes

Levels and vault maps discovered:
D:1:      saegor_arrival_miasma, layout_basic
D:2:      layout_rooms, serial_shops, nicolae_shop_behind_doors, minmay_tall_x,
          uniq_robin

Action                     || total
---------------------------++-------
  Melee: Hand axe          ||     3
   Cast: Freeze            ||    12
    Use: Scroll            ||     2
         Potion            ||     1
 Armour: Robe              ||     1
  Dodge: Dodged            ||     8
